 Dungeon Crawl Stone Soup version 0.30-a0-368-g86fb4627a9 (webtiles) character file.

Game seed: 4012788369530010547

47 Anamonty the Grasshopper (level 3, 0/64 HPs)
             Began as a Barachi Warper on Nov 19, 2022.
             Succumbed to Sigmund's poison
             ... on level 3 of the Dungeon.
             The game lasted 00:03:32 (1556 turns).

Anamonty the Grasshopper (Barachi Warper)           Turns: 1556, Time: 00:03:32

Health: 0/64       AC: 21    Str:  7 (10) XL:     3   Next: 70%
Magic:  6/6        EV:  2    Int: 11 (13) God:
Gold:   110        SH:  0    Dex:  8 (11) Spells: 5/7 levels left

rFire   . . .      SeeInvis .    r - +0 sling
rCold   . . .      Faith    .    (no shield)
rNeg    . . .      Spirit   .    (body armour currently unavailable)
rPois   +          Reflect  .    (helmet currently unavailable)
rElec   .          Harm     .    (cloak currently unavailable)
rCorr   .          Rampage  .    (gloves currently unavailable)
Will    .....      NoTele   +    (boots currently unavailable)
Stlth   ..........               (no amulet)
HPRegen 0.30/turn                (no ring)
MPRegen 0.10/turn                (no ring)

@: berserking, lethally poisoned (0 -> -5), tree-form, very quick
A: stationary, stasis, torment immunity, boosted hp, (amphibious), (slowness 1),
(strong legs 1), +LOS, clumsy 1, weak 1
a: no special abilities


You were on level 3 of the Dungeon.
You were a tree.
You visited 1 branch of the dungeon, and saw 3 of its levels.

You collected 110 gold pieces.

Inventory:

Hand Weapons
 a - a +0 falchion
 r - a +0 sling (weapon)
Missiles
 d - 7 boomerangs of dispersal
 q - a throwing net
Armour
 b - a +0 leather armour (melded)
 o - a +0 helmet (melded)
Scrolls
 c - 2 scrolls of blinking
 h - a scroll of enchant weapon {unknown}
 k - a scroll of amnesia {unknown}
 m - 2 scrolls of teleportation {unknown}
 n - 2 scrolls of summoning {unknown}
 p - a scroll of fear {unknown}
 t - a scroll of poison {unknown}
Potions
 e - a potion of degeneration
 u - a potion of heal wounds {unknown}


   Skills:
 * Level 3.4 Fighting
 + Level 2.9 Long Blades
 - Level 1.0 Throwing
 - Level 1.2 Armour
 + Level 2.6 Dodging
 + Level 2.5 Spellcasting
 + Level 3.6 Translocations


You had 5 spell levels left.
You knew the following spells:

 Your Spells              Type           Power      Damage    Failure   Level
a - Blink                 Tloc           18%        N/A       10%         2

Your spell library contained the following spells:

 Spells                   Type           Power      Damage    Failure   Level
 Lesser Beckoning         Tloc           18%        N/A       19%         3
 Teleport Other           Tloc           9%         N/A       19%         3
 Magic Dart               Conj           4%         1d3       28%         1
 Shock                    Conj/Air       4%         1d3       28%         1
 Vhi's Electric Charge    Tloc/Air       10%        N/A       36%         3
 Call Imp                 Summ           1%         N/A       38%         2
 Cigotuvi's Dreadful Rot  Necr/Pois/Air  2%         N/A       38%         2
 Poisonous Vapours        Pois/Air       2%         N/A       38%         2
 Manifold Assault         Tloc           9%         N/A       54%         4
 Mephitic Cloud           Conj/Pois/Air  1%         N/A       63%         3
 Swiftness                Air            1%         N/A       63%         3
 Airstrike                Air            0%         2d(1-17)  95%         4


Dungeon Overview and Level Annotations

Branches:
Dungeon (3/15)

Altars:

Annotations:
D:3 Sigmund


Innate Abilities, Weirdness & Mutations

You are a tree.
Your roots penetrate the ground, keeping you stationary.
You cannot be teleported.
You are immune to unholy pain and torment.
Your maximum health is greatly increased.
Your equipment is partially melded.
((You are amphibious.))
((You cover ground slowly.))
((You can hop short distances.))
You have an extended range of vision and can be seen from far away.
You are clumsy. (Dex -2)
You are weak. (Str -2)


Message History

Your magical effects are unravelling.
You feel magically purged.
You feel less confused.
You feel a little less mighty now.
You feel a little less clever now.
You feel sick. Something hits you!
You are lethally poisoned!
It was a potion of lignification.
You turn into a tree.
Your +0 helmet melds into your body.
Your +0 leather armour melds into your body.
Your roots penetrate the ground.
You feel very sick. Something hits you but does no damage.
Casting: Blink (safe; 10% risk of failure)
Confirm with . or Enter, or press ? or * to list all spells.
You don't know that spell.
Fire: r) +0 sling
Press: ? - help, Q - select action, (/) - cycle Shift-Dir - straight line, f - endoplasm
Aim: an endoplasm (83% to hit)
You shoot a sling bullet. The sling bullet hits the endoplasm.
The endoplasm is heavily wounded.
* * * LOW HITPOINT WARNING * * *
You feel very sick. Something hits you.
* * * LOW HITPOINT WARNING * * *
Okay, then.
It was a potion of mutation.
You feel extremely strange.
You feel clumsy.
You feel weaker.
* * * LOW HITPOINT WARNING * * *
You feel sick.
It was a potion of berserk rage.
A red film seems to cover your vision as you go berserk!
You feel yourself moving faster!
You feel mighty!
* * * LOW HITPOINT WARNING * * *
You feel sick. Something hits you but does no damage.
You are too berserk!
You are too berserk!
Unknown command.
Unknown command.
You feel a strong urge to attack something.
You die...

#.##)#.).##.........#
#.....†..##.#....##.#
###..............##.###.#
#.##..................#
#. #..#.#.#.#..##.#####
#. #..............# #.
##..........#### #.
###.#......# ..
..###♣#### ####...#
#.J{...# #.##...#
####.####.# #..#.#..#...
#...#...#.....
####.####....>. #.#.#
.#####


You could see an endoplasm.

Vanquished Creatures
  An adder (D:2)
  A worm (D:2)
  3 ball pythons
  An endoplasm (D:2)
  2 giant cockroaches
  4 jackals (D:2)
  2 quokkas
  4 bats
  2 frilled lizards (D:1)
  6 goblins
  7 kobolds
33 creatures vanquished.

Notes
Turn   | Place    | Note
-------+----------+-------------------------------------------
     0 | D:1      | Anamonty the Barachi Warper began the quest for the Orb.
     0 | D:1      | Reached XP level 1. HP: 17/17 MP: 3/3
   203 | D:1      | Found a faded altar of an unknown god.
   327 | D:1      | Reached XP level 2. HP: 23/23 MP: 5/5
   538 | D:2      | Learned a level 2 spell: Blink
   666 | D:2      | Reached XP level 3. HP: 21/29 MP: 6/6
  1529 | D:3      | Noticed Sigmund
  1554 | D:3      | Gained mutation: You are clumsy. (Dex -2) [potion of
                  | mutation]
  1554 | D:3      | Gained mutation: You are weak. (Str -2) [potion of
                  | mutation]
  1554 | D:3      | HP: 1/43 [poisoned by Sigmund]
  1556 | D:3      | Succumbed to Sigmund's poison

Illustrated notes

Levels and vault maps discovered:
D:1:      dpeg_arrival_short_road, layout_rooms,
          chequers_ecumenical_altar_simple_redux, st_stairs_10,
          serial_bayou_pond_a
D:2:      layout_loops_ring, nicolae_elevator_lobby_plus
D:3:      layout_loops_cross, minmay_misc_feat_iff, wad_rectangle_vault,
          uniq_sigmund

Skill      XL: |  1  2 |
---------------+-------+-----
Fighting       | 3 |  3.4
Long Blades    | |  2.9
Throwing       | |  1.0
Armour         | |  1.2
Dodging        | |  2.6
Spellcasting   | |  2.5
Translocations | |  3.6

Action                   || total
-------------------------++-------
Melee: Falchion          ||    99
       Punch             ||     1
 Fire: Sling             ||    50
 Cast: Blink             ||     2
  Use: Potion            ||     7
Armor: Leather armour    ||    37
       Skin              ||     2
Dodge: Dodged            ||   120

Table legend: (Time is in decaauts)
 A = Elapsed time spent in this place.
 B = Non-inter-level travel time spent in this place.
 C = Inter-level travel time spent in this place.
 D = Time resting spent in this place.
 E = Time spent auto-exploring this place.
 F = Levels seen in this place.
 G = Mean time per level.
                   A        B        C        D        E       F      G
               +--------+--------+--------+--------+--------+-----+--------+
         Total |   1822 |   1724 |     98 |      0 |   1275 |   3 |  607.3 |
       Dungeon |   1822 |   1724 |     98 |      0 |   1275 |   3 |  607.3 |
               +--------+--------+--------+--------+--------+-----+--------+

Top non-repeatable levels by time:
     D:2: 1034 daAuts
     D:1: 595 daAuts
     D:3: 193 daAuts
